 Dungeon Crawl Stone Soup version 0.18-a0-1443-ge8f1551 (webtiles) character file.

175 trgk the Covert (level 5, 0/37 HPs)
             Began as a Spriggan Assassin on Feb 29, 2016.
             Killed by divine providence
             ... invoked by an orc priest
              (12 damage)
             ... on level 3 of the Dungeon.
             The game lasted 00:05:15 (2600 turns).

trgk the Covert (Spriggan Assassin)                 Turns: 2600, Time: 00:05:15

Health: 0/37       AC: 22    Str:  5 (7)  XL:     5   Next: 29%
Magic:  6/6        EV:  4    Int: 10 (12) God:
Gold:   61         SH:  0    Dex: 19      Spells: 0 memorised, 4 levels left

rFire  . . .     SeeInvis +     a - +2 dagger
rCold  . . .     Gourm    .     (armour currently unavailable)
rNeg   + + +     Faith    .     (shield restricted)
rPois  +         Spirit   .     (helmet currently unavailable)
rElec  .         Dismiss  .     (cloak currently unavailable)
rCorr  .         Reflect  .     (gloves unavailable)
SustAt .         Harm     .     (boots unavailable)
MR     .....     NoTele   +     (no amulet)
Stlth  +++++++...               (no ring)
                                (no ring)

@: tree-form, not resistant to hostile enchantments, extremely stealthy
A: unfitting armour, see invisible, herbivore 3, (speed 0), slow metabolism 2
a: no special abilities


You were on level 3 of the Dungeon.
You were not hungry.
You were a tree.
You visited 1 branch of the dungeon, and saw 3 of its levels.

You collected 61 gold pieces.

Inventory:

Hand Weapons
 a - a +2 dagger (weapon)
 b - a +0 blowgun
Missiles
 e - 7 poisoned needles
 f - 2 curare-tipped needles
 i - 6 needles of sleeping
Armour
 c - a +0 robe (melded)
 d - a +0 cloak (melded)
Scrolls
 h - a scroll of noise {unknown}
 j - 6 scrolls of identify {unknown}
 k - 3 scrolls of teleportation {unknown}
Potions
 l - a potion of invisibility {unknown}
 m - a potion of curing {unknown}
 q - a potion of resistance {unknown}
 r - a potion of flight {unknown}
Books
 p - a book of Death

   Spells                             Type                      Level
   a - Corpse Rot                     Necromancy                   2
   b - Sublimation of Blood           Necromancy                   2
   c - Agony                          Necromancy                   5
   d - Dispel Undead                  Necromancy                   5
   e - Excruciating Wounds            Charms/Necromancy            5
   f - Bolt of Draining               Conjuration/Necromancy       5
Comestibles
 g - 4 bread rations
 n - a royal jelly


   Skills:
 - Level 1.5 Fighting
 - Level 2.1 Short Blades
 - Level 2.0 Throwing
 * Level 2.2 Dodging
 * Level 9.9 Stealth


You had 4 spell levels left.
You didn't know any spells.

Dungeon Overview and Level Annotations

Branches:
Dungeon (3/15)

Altars:


Innate Abilities, Weirdness & Mutations

You are tiny and cannot use many weapons and most armour.
You have supernaturally acute eyesight.
You are an herbivore.
((You cover ground extremely quickly.))
You need consume almost no food.


Message History

The orc priest looks braver for a moment.
The orc falls through a shaft!
The shaft crumbles and collapses.
You barely miss the orc priest.
The orc priest is severely wounded.
The adder completely misses you.
The orc priest hits you but does no damage.
The adder bites you but does no damage.
You hit the orc priest but do no damage.
The orc priest is severely wounded.
The orc priest hits you.
* * * LOW HITPOINT WARNING * * *
The adder bites you but does no damage.
You are too injured to fight recklessly!
You are too injured to fight recklessly!
You are too injured to fight recklessly!
You closely miss the orc priest.
The orc priest is severely wounded.
The orc priest invokes the aid of Beogh against you.
Beogh smites you!
You die...

#.## #... #..#
#..## # ##...###
... ......####
.....###S.......#
....rgo♣.....##
..##o####.....###
................
.####.##.......#
#.##.......#
#.##.......#
#.##........
...####.#........#
..>..............#


You could see an orc priest, an adder, an orc, a hobgoblin and a rat.

Vanquished Creatures
  An orc priest (D:3)
  7 gnolls
  3 adders (D:2)
  2 dart slugs (D:2)
  3 giant geckos
  3 giant cockroaches (D:2)
  A goblin (D:2)
  5 hobgoblins
  2 jackals (D:2)
  5 kobolds
  2 ball pythons (D:1)
  4 bats (D:1)
  4 giant newts
  9 rats
51 creatures vanquished.

Notes
Turn   | Place    | Note
--------------------------------------------------------------
     0 | D:1      | trgk the Spriggan Assassin began the quest for the Orb.
     0 | D:1      | Reached XP level 1. HP: 10/10 MP: 2/2
     6 | D:1      | Noticed a basilisk
     6 | D:1      | Noticed a soldier ant
     7 | D:1      | Noticed a hill giant
    89 | D:1      | Reached skill level 6 in Stealth
   385 | D:1      | Reached XP level 2. HP: 14/14 MP: 3/3
   568 | D:1      | Reached skill level 7 in Stealth
   929 | D:2      | Reached XP level 3. HP: 14/18 MP: 4/4
   935 | D:2      | Reached skill level 8 in Stealth
  1093 | D:2      | Reached XP level 4. HP: 14/22 MP: 5/5
  1488 | D:2      | Reached skill level 9 in Stealth
  2305 | D:2      | Reached XP level 5. HP: 25/25 MP: 6/6
  2600 | D:3      | Killed from afar by an orc priest

Vault maps used:
D:1:      onia_arrival_zoo_common
D:3:      ecumenical_altar_2, minmay_bad_closet, uniq_terence

Skill      XL: |  1  2  3  4  5 |
---------------+----------------+-----
Stealth        | 6 7 8 9 |  9.9
Dodging        | 2 |  2.2
Fighting       | |  1.5
Short Blades   | |  2.1
Throwing       | |  2.0

Action                   |  1- 3 |  4- 6 || total
-------------------------+-------+-------++-------
Melee: Dagger            |    67 |   107 ||   174
 Fire: Blowgun           |       |     9 ||     9
  Use: Potion            |       |     3 ||     3
 Stab: Sleeping          |    11 |     6 ||    17
       Distracted        |     2 |     1 ||     3
